 Dungeon Crawl Stone Soup version 0.19.0 (webtiles) character file.

777 Eucla the Slasher (level 7, -3/50 HPs)
             Began as an Octopode Berserker on Nov 16, 2016.
             Was a Priest of Trog.
             Slain by an ogre
             ... wielding a +0 giant spiked club
              (33 damage)
             ... on level 4 of the Dungeon.
             The game lasted 00:02:58 (3063 turns).

Eucla the Slasher (Octopode Berserker)              Turns: 3063, Time: 00:02:59

Health: -3/50      AC:  1    Str: 17    XL:     7   Next: 84%
Magic:  7/7        EV: 12    Int:  9    God:    Trog [***...]
Gold:   165        SH:  7    Dex: 13    Spells: 0 memorised, 6 levels left

rFire  + . .     SeeInvis .     a - +0 falchion
rCold  . . .     Gourm    .     m - +0 shield
rNeg   . . .     Faith    .     (helmet restricted)
rPois  .         Spirit   .     (no amulet)
rElec  .         Reflect  .     e - ring of loudness (curse)
rCorr  .         Harm     .     u - ring of protection from fire
MR     .....                    (no ring)
Stlth  +.........               (no ring)
                                (no ring)
                                (no ring)
                                (no ring)
                                (no ring)

@: drained
A: almost no armour, stealthy swim, amphibious, 8 rings, constrict 8, camouflage
1, gelatinous body 1
a: Berserk, Trog's Hand, Burn Spellbooks, Renounce Religion


You were on level 4 of the Dungeon.
You worshipped Trog.
Trog was most pleased with you.
You were hungry.

You visited 1 branch of the dungeon, and saw 4 of its levels.

You collected 165 gold pieces.

Inventory:

Hand Weapons
 a - a +0 falchion (weapon)
Armour
 g - a +0 buckler
 m - a +0 shield (worn)
Jewellery
 e - a cursed ring of loudness (left tentacle)
 u - a ring of protection from fire (right tentacle)
Scrolls
 f - 2 scrolls of enchant armour {unknown}
 h - 4 scrolls of teleportation {unknown}
 i - a scroll of blinking {unknown}
 l - 5 scrolls of remove curse {unknown}
 n - a scroll of identify {unknown}
 p - 2 scrolls of noise {unknown}
 t - a scroll of enchant weapon {unknown}
Potions
 j - 2 potions of curing {unknown}
 k - a potion of degeneration {unknown}
 o - 3 potions of flight {unknown}
 q - a potion of lignification {unknown}
 r - 3 potions of heal wounds {unknown}
 s - a potion of might {unknown}
 v - a potion of mutation {unknown}
Comestibles
 b - 3 bread rations
 c - 2 meat rations
 d - a beef jerky


   Skills:
 + Level 5.5(5.3) Fighting
 * Level 6.5(6.4) Long Blades
 + Level 4.9(4.8) Dodging


You had 6 spell levels left.
You didn't know any spells.

Dungeon Overview and Level Annotations

Branches:
Dungeon (4/15)
 Temple: D:4-7

Altars:
Fedhas
Okawaru
Uskayaw
Yredelemnul
The Shining One


Innate Abilities, Weirdness & Mutations

You cannot wear most types of armour.
You are very stealthy in the water. (Stealth+)
You are amphibious.
You can wear up to eight rings at the same time.
You can use your tentacles to constrict eight enemies at once.
Your skin changes colour to match your surroundings (Stealth+).
Your rubbery body absorbs attacks. (AC +1, EV +1)


Message History

You hit the ogre.
The ogre is moderately wounded.
You block the shadow imp's attack. The ogre barely misses you.
You riposte.
You barely miss the ogre. You squeeze the ogre!
The ogre is severely wounded.
Unknown command.
You hit the ogre.
The ogre is severely wounded.
You block the shadow imp's attack. 2 jackals come into view.
The jackal barks! x2
You hit the ogre.
The ogre is severely wounded.
You block the ogre's attack. The shadow imp hits you.
You slash the ogre!
The ogre is almost dead.
The shadow imp barely misses you.
The ogre hits you with a giant spiked club!!
Ouch! That really hurt!
You die...

#. #....#
#.#.....#.#
######.#.h.h.#.#
#....#.........###
#.................#
#.................#
#.....)5O.........#
#......@..........#
#.............(...#
................#
........$.......#
................#
................#
................#
................###
...........#.....#


You could see an ogre, a shadow imp and 2 jackals.

Vanquished Creatures
  Pikel (D:4)
  Edmund (D:4)
  A slave (D:4)
  5 adders
  4 gnolls (D:2)
  An ooze (D:3)
  5 worms
  A dart slug (D:1)
  6 leopard geckos
  2 orcs (D:3)
  A ball python (D:1)
  5 giant cockroaches
  11 goblins
  7 hobgoblins
  8 jackals
  2 quokkas
  16 bats
  A frilled lizard (D:2)
  5 kobolds
  6 rats
89 creatures vanquished.

Vanquished Creatures (others)
  A centaur skeleton (D:4)
1 creature vanquished.

Grand Total: 90 creatures vanquished

Notes
Turn   | Place    | Note
-------+----------+-------------------------------------------
     0 | D:1      | Eucla the Octopode Berserker began the quest for the Orb.
     0 | D:1      | Reached XP level 1. HP: 16/16 MP: 1/1
    91 | D:1      | Reached XP level 2. HP: 14/21 MP: 2/2
   518 | D:1      | Reached XP level 3. HP: 24/26 MP: 3/3
   582 | D:1      | Reached ** piety under Trog
   936 | D:2      | Reached XP level 4. HP: 28/33 MP: 4/4
  1114 | D:2      | Reached skill level 4 in Long Blades
  1235 | D:2      | Found a hide-covered altar of Uskayaw.
  1363 | D:2      | Found a blossoming altar of Fedhas.
  1369 | D:2      | Reached XP level 5. HP: 29/37 MP: 5/5
  1625 | D:2      | Reached *** piety under Trog
  2270 | D:3      | Found an iron altar of Okawaru.
  2781 | D:4      | Found a glowing golden altar of the Shining One.
  2786 | D:4      | Found a basalt altar of Yredelemnul.
  2795 | D:4      | Noticed a slave
  2808 | D:4      | Killed a slave
  2905 | D:4      | Noticed Pikel
  2905 | D:4      | Noticed a slave
  2908 | D:4      | Noticed a slave
  2908 | D:4      | Noticed a slave
  2917 | D:4      | Killed Pikel
  2917 | D:4      | Reached skill level 5 in Fighting
  2917 | D:4      | Reached skill level 6 in Long Blades
  2917 | D:4      | Reached XP level 6. HP: 45/45 MP: 6/6
  2917 | D:4      | Reached XP level 7. HP: 50/50 MP: 7/7
  3047 | D:4      | Noticed Edmund
  3057 | D:4      | Killed Edmund
  3063 | D:4      | Slain by an ogre

Skill      XL: |  1  2  3  4  5 |
---------------+----------------+-----
Fighting       | 4 5 |  5.5
Long Blades    | 4 6 |  6.5
Dodging        | 4 |  4.9

Action                   |  1- 3 |  4- 6 |  7- 9 || total
-------------------------+-------+-------+-------++-------
Melee: Falchion          |    58 |    97 |    17 ||   172
       Constrict         |    25 |    26 |     2 ||    53
       Tentacles         |    18 |    27 |     3 ||    48
Invok: Berserk           |     1 |     1 |       ||     2
 Stab: Sleeping          |     3 |     6 |       ||     9
  Eat: Chunk             |       |     7 |     1 ||     8
Armor: Skin              |    10 |    12 |       ||    22
Dodge: Dodged            |    52 |    34 |     9 ||    95
Block: Shield            |     4 |    35 |     7 ||    46
       Buckler           |     1 |       |       ||     1
       Rpst.: Falchion   |    12 |     7 |     3 ||    22
